 Dungeon Sprint DCSS version 0.30.1 (webtiles) character file.

Game seed: 9196354559955314723

23400000 Groucho the Intangible (level 27, -7/228 HPs)
             Began as a Djinni Warper on July 11, 2023.
             Was the Champion of Makhleb.
             Killed from afar by a dread (22 damage)
             ... with damnation
             ... in the Dungeon (Sprint VIII: "Arena of Blood").
             The game lasted 00:09:40 (234 turns).

Groucho the Intangible (Djinni Warper)               Turns: 234, Time: 00:09:41

Health: -7/228     AC:  6    Str: 10    XL:     27
Gold:   0          EV: 30    Int: 23    God:    Makhleb [******] SH:  0 Dex: 19

rFire   + + .        i - +∞ Axe of Woe
rCold   x . .        (shield currently unavailable)
rNeg    . . .        b - +0 leather armour
rPois   ∞            (no helmet)
rElec   .            (no cloak)
rCorr   .            (no gloves)
SInv    +            (boots unavailable)
Will    ++...        (no amulet)
Stlth   ++++++++++   j - ring of see invisible
HPRegen 0.58/turn    (no ring)
MPRegen 0.00/turn

%: no teleportation, infuse magic (-8 HP)
@: flying, slowed, very slow
A: sickness immunity, fire resistance 2, cold vulnerability 1, float, innate
caster, HP casting, extra vitality 1
a: Renounce Religion, Minor Destruction, Lesser Servant of Makhleb, Major
Destruction, Greater Servant of Makhleb


You were in the Dungeon.
You worshipped Makhleb.
Makhleb was exalted by your worship.
You visited 1 branch

Inventory:

Hand Weapons
 a - a +0 hand axe
 i - the +∞ Axe of Woe (weapon)
   (You found it in the Dungeon)
 l - a +9 heavy great sword
Missiles
 d - 7 boomerangs of dispersal
Armour
 b - a +0 leather armour (worn)
Jewellery
 g - a +400 ring of slaying
 j - a ring of see invisible (left hand)
 k - a +200 ring of slaying
 m - a +250 ring of slaying
 n - a +30 ring of slaying
 o - a +30 ring of slaying
 p - a +200 ring of slaying
 q - a +250 ring of slaying
 r - a +100 ring of slaying
 s - a +200 ring of slaying
 t - a +200 ring of slaying
 u - a +200 ring of slaying
 v - a +250 ring of slaying
 w - a +400 ring of slaying
 x - a +400 ring of slaying
 y - a +400 ring of slaying
 z - a +250 ring of slaying
Scrolls
 c - 2 scrolls of blinking
Potions
 f - a potion of heal wounds
 h - a potion of berserk rage


   Skills:
 O Level 27 Fighting
 O Level 27 Short Blades
 O Level 27 Long Blades
 O Level 27 Axes
 O Level 27 Maces & Flails
 O Level 27 Polearms
 O Level 27 Staves
 O Level 27 Ranged Weapons
 O Level 27 Throwing
 O Level 27 Armour
 O Level 27 Dodging
 O Level 27 Stealth
 O Level 27 Shields
 O Level 27 Unarmed Combat
 O Level 27 Spellcasting
 O Level 27 Invocations
 O Level 27 Evocations


You knew the following spells:

 Your Spells              Type           Power      Damage    Failure   Level
a - Blink                 Tloc           100%       N/A       0%          2
b - Lesser Beckoning      Tloc           100%       N/A       0%          2
c - Vhi's Electric Charg  Tloc/Air       100%       N/A       0%          3
d - Teleport Other        Tloc           100%       N/A       0%          3
e - Manifold Assault      Tloc           100%       N/A       0%          4
f - Sandblast             Erth           100%       2d20      0%          1
g - Ensorcelled Hibernat  Hex/Ice        100%       N/A       0%          2
h - Spider Form           Tmut/Pois      100%       N/A       0%          3
i - Summon Guardian Gole  Hex/Summ       100%       N/A       0%          3
j - Fireball              Conj/Fire      50%        3d20      0%          5
k - Iskenderun's Battles  Conj           100%       2d15      0%          5
l - Dispersal             Tloc           50%        N/A       0%          6
m - Malign Gateway        Summ/Tloc      50%        N/A       0%          7
n - Summon Hydra          Summ           50%        N/A       0%          7
o - Haunt                 Necr/Summ      50%        N/A       0%          7
p - Dragon Form           Tmut           50%        N/A       0%          7
q - Chain Lightning       Conj/Air       50%        3d67      1%          9
r - Fire Storm            Conj/Fire      50%        8d13      1%          9
Your spell library was empty.

Dungeon Overview and Level Annotations

Branches:
Dungeon (1/1)

Altars:
Makhleb


Innate Abilities, Weirdness & Mutations

You are immune to sickness and miasma.
You are immune to poison.
Your flesh is very heat resistant. (rF++)
You are vulnerable to cold. (rC-)
You float through the air rather than walking.
You learn spells naturally, not from books.
Your magical power is your life essence.
You have superior vitality. (+4 MHP)


Message History

A wretched soul comes into view.
The dread calls on the powers of darkness!
The fleshlord convulses!
The bag of meat convulses!
The observer convulses!
The meat berserker convulses!
Your body is wracked with pain!
The observer convulses!
The observer turns its gaze towards you.
The dread throws damnation at you.
The sphere of damnation explodes!
The damnation engulfs you!!!
* * * LOW HITPOINT WARNING * * *
The destroyer gestures at you while chanting.
The destroyer blinks!
The fleshlord casts a spell.
The fleshlord seems to speed up.
The bag of meat is engulfed in blazing flames.
An eight-headed meat hydra comes into view.
You hear a shout!
There is a staircase leading out of the dungeon here.
You are too injured to fight recklessly!
You hit the meat berserker but do no damage.
You pulverise the meat berserker into a thin bloody mist.
You kill the meat berserker!
Makhleb accepts your kill.
You feel better.
An eight-headed meat hydra comes into view.
The fleshlord gestures wildly while chanting.
The fleshlord seems to speed up.
You hear a shout!
The eight-headed meat hydra calls on the powers of darkness!
The eight-headed meat hydra convulses!
The fleshlord convulses!
The scourge convulses!
Your body is wracked with pain!
* * * LOW HITPOINT WARNING * * *
The observer convulses!
The bag of meat convulses!
The eight-headed meat hydra convulses!
The fleshlord convulses!
You hear a shout!
The dread throws damnation at you.
The sphere of damnation explodes!
The damnation engulfs you!!
* * * LOW HITPOINT WARNING * * *
The dread throws damnation at you.
The sphere of damnation explodes!
The damnation engulfs you!!
You die...

p.§§.... ..) .)§§W..
..# )#)..W§§p†) ..# o
.)†)))##.oG. ..###)o
..))))).))).##)))))).
.))#).)V)).._..)))..)
.#.)))).)#.)).)#.W...
†)..)†.).._)@)_.).)).
#..))G.)#......D)p..
...#).)).)))_...S).).
..))).)))..###).).†)D
.)..))###))))..)..).)
....).).#.)).).).....
..p....)#W)).))...).9
....))).D)))).))D))).
#.#.))).).)......)))#


You could see 3 eight-headed meat hydras, a destroyer, 2 observers, a scourge, 3
fleshlords, 3 dreads, a wretched soul (invisible) and a bag of meat.

Vanquished Creatures
  10 molten gargoyles (D)
  39 hell knights (D)
  Sigmund (D)
  18 hell beasts (D)
  Edmund (D)
  12 royal mummies (D)
  20 great orbs of eyes (D)
  19 wraiths (D)
  Harold (D)
  25 vampire knights (D)
  58 ogres (D)
  10 two-headed ogres (D)
  17 liches (D)
  26 hydras (D)
  19 phantoms (D)
  116 orcs (D)
  15 skeletal warriors (D)
  31 sea snakes (D)
438 creatures vanquished.

Notes
Turn   | Place    | Note
-------+----------+-------------------------------------------
     0 | D        | Found the +∞ Axe of Woe
     0 | D        | Groucho the Djinni Warper began the quest for the Orb.
     0 | D        | Groucho set off with the following spells memorised: Blink,
                  | Lesser Beckoning, Vhi's Electric Charge, Teleport Other,
                  | Manifold Assault.
     0 | D        | Reached XP level 1. HP: 18/18 MP: 0/0
     1 | D        | Noticed a bag of meat
     3 | D        | Noticed a bag of meat
     4 | D        | Killed a bag of meat
     4 | D        | Noticed a bag of meat
     5 | D        | Reached skill level 10 in Dodging
     5 | D        | Reached skill level 15 in Spellcasting
     5 | D        | Reached XP level 2. HP: 34/34 MP: 0/0
     5 | D        | Reached XP level 3. HP: 40/40 MP: 0/0
     5 | D        | Learned a level 1 spell: Sandblast
     5 | D        | Reached XP level 4. HP: 45/45 MP: 0/0
     5 | D        | Reached XP level 5. HP: 50/50 MP: 0/0
     5 | D        | Learned a level 2 spell: Ensorcelled Hibernation
     5 | D        | Reached XP level 6. HP: 57/57 MP: 0/0
     5 | D        | Reached XP level 7. HP: 61/61 MP: 0/0
     5 | D        | Learned a level 3 spell: Spider Form
     5 | D        | Reached XP level 8. HP: 67/67 MP: 0/0
     5 | D        | Reached XP level 9. HP: 73/73 MP: 0/0
     5 | D        | Learned a level 3 spell: Summon Guardian Golem
     5 | D        | Reached XP level 10. HP: 78/78 MP: 0/0
     5 | D        | Reached XP level 11. HP: 84/84 MP: 0/0
     5 | D        | Learned a level 5 spell: Fireball
     5 | D        | Became a worshipper of Makhleb the Destroyer
     5 | D        | Noticed a bag of meat
     6 | D        | Killed a bag of meat
     6 | D        | Killed a bag of meat
     6 | D        | Reached * piety under Makhleb
     6 | D        | Killed a bag of meat
     7 | D        | Reached XP level 12. HP: 86/90 MP: 0/0
     7 | D        | Reached XP level 13. HP: 90/94 MP: 0/0
     7 | D        | Learned a level 5 spell: Iskenderun's Battlesphere
     7 | D        | Noticed a bag of meat
     8 | D        | Killed a bag of meat
     9 | D        | Reached XP level 14. HP: 93/101 MP: 0/0
     9 | D        | Noticed a bag of meat
     9 | D        | Noticed a meat berserker
     9 | D        | Noticed a bag of meat
     9 | D        | Noticed a bag of meat
    10 | D        | Killed a bag of meat
    10 | D        | Reached ** piety under Makhleb
    10 | D        | Killed a bag of meat
    10 | D        | Killed a meat berserker
    11 | D        | Reached XP level 15. HP: 106/106 MP: 0/0
    11 | D        | Learned a level 6 spell: Dispersal
    11 | D        | Reached *** piety under Makhleb
    13 | D        | Noticed a meat berserker
    13 | D        | Noticed a large bag of meat
    14 | D        | Killed a large bag of meat
    14 | D        | Killed a meat berserker
    14 | D        | Reached **** piety under Makhleb
    15 | D        | Reached XP level 16. HP: 112/112 MP: 0/0
    16 | D        | Reached XP level 17. HP: 117/117 MP: 0/0
    16 | D        | Learned a level 7 spell: Malign Gateway
    16 | D        | Noticed a meat berserker
    17 | D        | Killed a meat berserker
    17 | D        | Reached ***** piety under Makhleb
    18 | D        | Reached skill level 27 in Axes
    18 | D        | Reached skill level 27 in Dodging
    19 | D        | Noticed a destroyer
    20 | D        | Killed a destroyer
    20 | D        | Noticed a meat berserker
    21 | D        | Reached skill level 27 in Spellcasting
    21 | D        | Reached skill level 10 in Invocations
    21 | D        | Reached XP level 18. HP: 143/143 MP: 0/0
    21 | D        | Killed a meat berserker
    21 | D        | Reached ****** piety under Makhleb
    21 | D        | Noticed a meat berserker
    22 | D        | Reached skill level 15 in Invocations
    22 | D        | Reached XP level 19. HP: 164/164 MP: 0/0
    22 | D        | Learned a level 7 spell: Summon Hydra
    22 | D        | Killed a meat berserker
    23 | D        | Reached skill level 27 in Fighting
    23 | D        | Reached XP level 20. HP: 181/181 MP: 0/0
    25 | D        | Noticed a meat berserker
    26 | D        | Noticed a large bag of meat
    26 | D        | Noticed a meat berserker
    27 | D        | Killed a meat berserker
    27 | D        | Killed a meat berserker
    27 | D        | Noticed a large bag of meat
    27 | D        | Noticed a meat berserker
    28 | D        | Reached skill level 27 in Armour
    28 | D        | Reached skill level 27 in Invocations
    28 | D        | Reached XP level 21. HP: 187/187 MP: 0/0
    28 | D        | Learned a level 7 spell: Haunt
    28 | D        | Killed a large bag of meat
    28 | D        | Killed a meat berserker
    28 | D        | Killed a large bag of meat
    28 | D        | Noticed a meat berserker
    28 | D        | Noticed a destroyer
    28 | D        | Noticed a meat berserker
    29 | D        | Noticed an eight-headed meat hydra
    29 | D        | Killed a meat berserker
    29 | D        | Killed a nine-headed meat hydra
    29 | D        | Killed a meat berserker
    29 | D        | Killed a destroyer
    30 | D        | Reached skill level 27 in Stealth
    30 | D        | Reached XP level 22. HP: 194/194 MP: 0/0
    30 | D        | Noticed a large bag of meat
    30 | D        | Noticed a large bag of meat
    31 | D        | Noticed a destroyer
    31 | D        | Killed a large bag of meat
    31 | D        | Killed a destroyer
    31 | D        | Noticed a destroyer
    32 | D        | Reached XP level 23. HP: 201/201 MP: 0/0
    32 | D        | Learned a level 7 spell: Dragon Form
    34 | D        | Reached skill level 10 in Short Blades
    34 | D        | Reached skill level 10 in Long Blades
    34 | D        | Reached skill level 10 in Staves
    34 | D        | Killed a destroyer
    34 | D        | Killed a large bag of meat
    35 | D        | Reached XP level 24. HP: 208/208 MP: 0/0
    38 | D        | Noticed a destroyer
    38 | D        | Killed a destroyer
    44 | D        | Reached skill level 15 in Short Blades
    44 | D        | Reached skill level 15 in Long Blades
    44 | D        | Reached skill level 15 in Staves
    44 | D        | Reached XP level 25. HP: 214/214 MP: 0/0
    44 | D        | Learned a level 9 spell: Chain Lightning
    50 | D        | Noticed an accursed
    50 | D        | Noticed a tyrant
    51 | D        | Killed an accursed
    51 | D        | Killed a tyrant
    52 | D        | Reached skill level 27 in Maces & Flails
    52 | D        | Noticed a tyrant
    53 | D        | Noticed a tyrant
    54 | D        | Killed a tyrant
    55 | D        | Reached XP level 26. HP: 217/221 MP: 0/0
    55 | D        | Killed a tyrant
    59 | D        | Noticed a tyrant
    59 | D        | Noticed a tyrant
    60 | D        | Noticed a meat beast
    60 | D        | Killed a tyrant
    60 | D        | Noticed a tyrant
    61 | D        | Killed a tyrant
    61 | D        | Killed a tyrant
    61 | D        | Noticed a destroyer
    62 | D        | Reached XP level 27. HP: 228/228 MP: 0/0
    62 | D        | Learned a level 9 spell: Fire Storm
    62 | D        | Killed a destroyer
    62 | D        | Killed a meat beast
    63 | D        | Noticed a dread
    63 | D        | Noticed a destroyer
    63 | D        | Noticed a tyrant
    64 | D        | Noticed a meat beast
    64 | D        | Noticed a meat beast
    64 | D        | Killed a meat beast
    64 | D        | Killed a tyrant
    64 | D        | Killed a meat beast
    65 | D        | Reached skill level 27 in Short Blades
    65 | D        | Reached skill level 27 in Long Blades
    65 | D        | Reached skill level 27 in Polearms
    65 | D        | Reached skill level 27 in Staves
    65 | D        | Reached skill level 27 in Ranged Weapons
    65 | D        | Reached skill level 27 in Throwing
    65 | D        | Reached skill level 27 in Shields
    65 | D        | Reached skill level 27 in Unarmed Combat
    65 | D        | Reached skill level 27 in Evocations
    65 | D        | Noticed a dread
    65 | D        | Killed a dread
    65 | D        | Noticed a large bag of meat
    66 | D        | Killed a dread
    66 | D        | Killed a large bag of meat
    66 | D        | Killed a destroyer
    66 | D        | Noticed a destroyer
    67 | D        | Killed a destroyer
    67 | D        | Noticed a tyrant
    68 | D        | Killed a tyrant
    69 | D        | Noticed a large bag of meat
    70 | D        | Noticed a destroyer
    71 | D        | Killed a destroyer
    73 | D        | Noticed a meat beast
    73 | D        | Killed a meat beast
    75 | D        | Noticed a dread
    76 | D        | Killed a dread
    78 | D        | Noticed a meat beast
    79 | D        | Killed a meat beast
    82 | D        | Killed a large bag of meat
    82 | D        | Noticed a meat beast
    83 | D        | Noticed a meat beast
    83 | D        | Killed a meat beast
    83 | D        | Noticed The Captor
    84 | D        | Killed a meat beast
    84 | D        | Killed The Captor
    84 | D        | Noticed a tyrant
    85 | D        | Killed a tyrant
    85 | D        | Noticed a tyrant
    86 | D        | Killed a tyrant
    88 | D        | Noticed a dread
    89 | D        | Noticed an accursed
    89 | D        | Noticed an accursed
    90 | D        | Killed an accursed
    90 | D        | Killed a dread
    92 | D        | Killed an accursed
    95 | D        | Noticed a large bag of meat
   100 | D        | Killed a large bag of meat
   104 | D        | Noticed a dread
   106 | D        | Killed a dread
   108 | D        | Noticed an accursed
   115 | D        | Noticed a fleshlord
   115 | D        | Noticed a fleshlord
   116 | D        | Killed a fleshlord
   118 | D        | Noticed a fleshlord
   118 | D        | Noticed a fleshlord
   118 | D        | Noticed a fleshlord
   119 | D        | Killed a fleshlord
   119 | D        | Killed a fleshlord
   119 | D        | Noticed a fleshlord
   119 | D        | Noticed a large bag of meat
   120 | D        | Killed a fleshlord
   120 | D        | Killed a fleshlord
   120 | D        | Killed a large bag of meat
   120 | D        | Noticed a fleshlord
   120 | D        | Noticed a destroyer
   122 | D        | Killed a fleshlord
   122 | D        | Killed a destroyer
   123 | D        | Noticed a destroyer
   123 | D        | Noticed a fleshlord
   123 | D        | Noticed a tyrant
   124 | D        | Noticed a fleshlord
   124 | D        | Noticed a fleshlord
   124 | D        | Noticed a dread
   124 | D        | Noticed a fleshlord
   125 | D        | Killed a destroyer
   125 | D        | Killed a fleshlord
   125 | D        | Noticed a fleshlord
   125 | D        | Noticed a dread
   126 | D        | Killed a tyrant
   126 | D        | Killed an accursed
   126 | D        | Killed a fleshlord
   126 | D        | Noticed a fleshlord
   127 | D        | Killed a fleshlord
   127 | D        | Killed a fleshlord
   128 | D        | Noticed a fleshlord
   128 | D        | Noticed a fleshlord
   129 | D        | Killed a fleshlord
   129 | D        | Noticed a fleshlord
   130 | D        | Killed a fleshlord
   132 | D        | Killed a fleshlord
   132 | D        | Killed a fleshlord
   133 | D        | Killed a dread
   133 | D        | Noticed a fleshlord
   134 | D        | Killed a dread
   134 | D        | Killed a fleshlord
   135 | D        | Killed a fleshlord
   135 | D        | Killed a fleshlord
   136 | D        | Noticed a tyrant
   137 | D        | Killed a tyrant
   137 | D        | Noticed a destroyer
   138 | D        | Noticed a meat beast
   138 | D        | Noticed a tyrant
   140 | D        | Killed a meat beast
   142 | D        | Killed a tyrant
   142 | D        | Killed a destroyer
   145 | D        | Noticed a meat beast
   146 | D        | Killed a meat beast
   148 | D        | Noticed a meat beast
   148 | D        | Killed a meat beast
   149 | D        | Noticed a fleshlord
   149 | D        | Noticed a fleshlord
   150 | D        | Noticed a meat beast
   150 | D        | Killed a fleshlord
   150 | D        | Killed a meat beast
   150 | D        | Killed a fleshlord
   152 | D        | Noticed a fleshlord
   153 | D        | Noticed a meat beast
   154 | D        | Killed a meat beast
   155 | D        | Killed a fleshlord
   156 | D        | Noticed a tyrant
   156 | D        | Noticed a fleshlord
   158 | D        | Killed a fleshlord
   158 | D        | Killed a tyrant
   158 | D        | Noticed a fleshlord
   158 | D        | Noticed a destroyer
   159 | D        | Killed a fleshlord
   159 | D        | Killed a destroyer
   161 | D        | Noticed an accursed
   161 | D        | Noticed an accursed
   161 | D        | Noticed a fleshlord
   161 | D        | Noticed a dread
   161 | D        | Noticed a tyrant
   163 | D        | Killed an accursed
   164 | D        | Noticed The Servant
   164 | D        | Killed a dread
   165 | D        | Killed a fleshlord
   165 | D        | Noticed a meat beast
   166 | D        | Noticed The Defiler
   167 | D        | Killed The Defiler
   168 | D        | Noticed a dread
   168 | D        | Killed an accursed
   169 | D        | Killed a dread
   169 | D        | Noticed a destroyer
   170 | D        | Killed a meat beast
   171 | D        | Killed The Servant
   171 | D        | Noticed a destroyer
   171 | D        | Noticed a destroyer
   172 | D        | Noticed a fleshlord
   172 | D        | Killed a destroyer
   172 | D        | Killed a tyrant
   172 | D        | Noticed a tyrant
   173 | D        | Killed a fleshlord
   173 | D        | Killed a destroyer
   174 | D        | Noticed a fleshlord
   174 | D        | Killed a destroyer
   176 | D        | Killed a tyrant
   176 | D        | Noticed a dread
   177 | D        | Killed a fleshlord
   178 | D        | Killed a dread
   180 | D        | Noticed a dread
   181 | D        | Killed a dread
   183 | D        | Noticed a meat beast
   183 | D        | Noticed a fleshlord
   184 | D        | Killed a meat beast
   184 | D        | Killed a fleshlord
   184 | D        | Noticed a fleshlord
   185 | D        | Noticed a meat beast
   187 | D        | Killed a meat beast
   187 | D        | Noticed a fleshlord
   188 | D        | Killed a fleshlord
   188 | D        | Noticed an accursed
   190 | D        | Noticed a fleshlord
   190 | D        | Noticed a fleshlord
   192 | D        | Killed an accursed
   193 | D        | Noticed a meat beast
   193 | D        | Killed a fleshlord
   193 | D        | Killed a meat beast
   194 | D        | Noticed a fleshlord
   195 | D        | Noticed an accursed
   196 | D        | Killed an accursed
   196 | D        | Noticed a destroyer
   197 | D        | Noticed a meat beast
   197 | D        | Noticed an accursed
   197 | D        | Noticed a destroyer
   198 | D        | Killed a destroyer
   199 | D        | Killed a destroyer
   199 | D        | Noticed a fleshlord
   200 | D        | Killed a meat beast
   201 | D        | Killed a fleshlord
   201 | D        | Killed a fleshlord
   201 | D        | Noticed an accursed
   202 | D        | Killed an accursed
   202 | D        | Noticed a dread
   203 | D        | Killed an accursed
   203 | D        | Killed a dread
   204 | D        | Noticed a dread
   205 | D        | Noticed a dread
   205 | D        | Noticed a dread
   206 | D        | Killed a dread
   206 | D        | Noticed a dread
   207 | D        | Killed a dread
   208 | D        | Killed a dread
   209 | D        | Noticed a vile
   209 | D        | Killed a vile
   209 | D        | Killed a dread
   209 | D        | Noticed a meat beast
   209 | D        | Noticed a dread
   209 | D        | Noticed a fleshlord
   210 | D        | Killed a dread
   210 | D        | Killed a fleshlord
   210 | D        | Noticed a fleshlord
   210 | D        | Noticed a fleshlord
   211 | D        | Killed a fleshlord
   211 | D        | Killed a fleshlord
   211 | D        | Noticed a tyrant
   211 | D        | Noticed a destroyer
   212 | D        | Noticed a destroyer
   212 | D        | Killed a meat beast
   212 | D        | Killed a destroyer
   212 | D        | Noticed a vile
   213 | D        | Killed a tyrant
   213 | D        | Noticed a fleshlord
   214 | D        | Killed a vile
   214 | D        | Killed a destroyer
   214 | D        | Killed a fleshlord
   214 | D        | Noticed a destroyer
   215 | D        | Killed a destroyer
   215 | D        | Noticed an accursed
   216 | D        | Killed an accursed
   219 | D        | Noticed a destroyer
   219 | D        | Noticed a destroyer
   220 | D        | Noticed a fleshlord
   220 | D        | Noticed a fleshlord
   220 | D        | Killed a fleshlord
   220 | D        | Killed a destroyer
   220 | D        | Killed a fleshlord
   220 | D        | Noticed a destroyer
   221 | D        | Killed a destroyer
   221 | D        | Killed a destroyer
   222 | D        | Noticed a vile
   222 | D        | Killed a vile
   222 | D        | Noticed a vile
   223 | D        | Killed a vile
   223 | D        | Noticed an accursed
   223 | D        | Noticed a destroyer
   224 | D        | Noticed a vile
   224 | D        | Killed a vile
   224 | D        | Killed an accursed
   224 | D        | Killed a destroyer
   224 | D        | Noticed a vile
   224 | D        | Noticed a dread
   224 | D        | Noticed a vile
   226 | D        | Noticed a dread
   227 | D        | Noticed a vile
   227 | D        | Killed a fleshlord
   227 | D        | Killed a vile
   227 | D        | Noticed a vile
   228 | D        | Killed a vile
   228 | D        | Killed a dread
   228 | D        | Noticed a fleshlord
   228 | D        | Noticed a vile
   229 | D        | Killed a fleshlord
   229 | D        | Killed a vile
   229 | D        | Killed a vile
   229 | D        | Noticed a large bag of meat
   230 | D        | Killed a large bag of meat
   230 | D        | Noticed a destroyer
   230 | D        | Noticed a fleshlord
   231 | D        | Killed a vile
   231 | D        | Noticed a dread
   231 | D        | Noticed a dread
   232 | D        | Killed a fleshlord
   232 | D        | Killed a dread
   232 | D        | Noticed a fleshlord
   233 | D        | Noticed a dread
   233 | D        | Noticed a dread
   233 | D        | Noticed a fleshlord
   234 | D        | Killed from afar by a dread

Illustrated notes

Levels and vault maps discovered:
D:        meatsprint

Skill      XL: |  1  2  3  4  5  6  7  8  9 10 11 12 13 14 15 16 17 18 19 20 21 22 23 24 25 26 27 |
---------------+----------------------------------------------------------------------------------+-----
Fighting       | 9 17 23 27 | 27.0
Axes           | 8 16 17 21 25 26 27 | 27.0
Throwing       | 2 7 12 14 17 20 27 | 27.0
Armour         | 2 11 16 20 27 | 27.0
Dodging        | 10 16 17 20 24 27 | 27.0
Spellcasting   | 15 18 20 22 27 | 27.0
Invocations    | 10 15 19 27 | 27.0
Stealth        | 12 27 | 27.0
Maces & Flails | 23 24 25 26 27 | 27.0
Short Blades   | 8 12 15 18 22 27 | 27.0
Long Blades    | 8 12 15 18 22 27 | 27.0
Polearms       | 7 11 14 17 20 27 | 27.0
Staves         | 8 12 15 18 22 27 | 27.0
Ranged Weapons | 7 11 14 17 20 27 | 27.0
Shields        | 8 13 17 20 23 27 | 27.0
Unarmed Combat | 8 13 17 20 23 27 | 27.0
Evocations     | 8 13 17 20 23 27 | 27.0

Action                     |  1- 3 |  4- 6 |  7- 9 | 10-12 | 13-15 | 16-18 | 19-21 | 22-24 | 25-27 || total
---------------------------+-------+-------+-------+-------+-------+-------+-------+-------+-------++-------
  Melee: Executioner's axe |     1 |       |       |     3 |     8 |    12 |    18 |    19 |   386 ||   447
   Cast: Manifold Assault  |       |       |       |     1 |     4 |     5 |     5 |     7 |   112 ||   134
    Use: Potion            |       |       |       |       |       |       |       |       |     2 ||     2
 Armour: Leather armour    |       |       |       |       |       |       |       |       |     1 ||     1
  Dodge: Dodged            |       |       |       |       |       |       |       |       |     3 ||     3
